 Dungeon Crawl Stone Soup version 0.29-a0-925-g0a7a3d12f8 (webtiles) character file.

Game seed: 16965280337862039335

82 inmateoo the Shield-Bearer (level 4, -2/40 HPs)
             Began as a Minotaur Fighter on July 28, 2022.
             Slain by Sigmund
             ... wielding a +2 scythe of protection
              (11 damage)
             ... on level 3 of the Dungeon.
             The game lasted 00:01:01 (1376 turns).

inmateoo the Shield-Bearer (Minotaur Fighter)       Turns: 1376, Time: 00:01:02

Health: -2/40      AC:  7    Str: 21    XL:     4   Next: 21%
Magic:  0/3        EV:  9    Int:  2    God:
Gold:   122        SH:  4    Dex: 11    Spells: 3/3 levels left

rFire   . . .      SeeInvis .   a - +0 war axe
rCold   . . .      Faith    .   c - +0 buckler
rNeg    . . .      Spirit   +   b - +0 scale mail
rPois   +          Reflect  .   (helmet restricted)
rElec   .          Harm     .   (no cloak)
rCorr   .          Rampage  .   (no gloves)
Will    +....                   (no boots)
Stlth   ..........              k - amulet of Guilinav {Spirit +Blink +Inv Will+ Int-3}
HPRegen 0.13/turn               e - ring of poison resistance
MPRegen 0.08/turn               (no ring)

@: no status effects
A: horns 2, retaliatory headbutt
a: Evoke Blink, Evoke Invisibility


You were on level 3 of the Dungeon.
You visited 1 branch of the dungeon, and saw 3 of its levels.

You collected 122 gold pieces.

Inventory:

Hand Weapons
 a - a +0 war axe (weapon)
Armour
 b - a +0 scale mail (worn)
 c - a +0 buckler (worn)
Jewellery
 e - a ring of poison resistance (left hand)
 k - the amulet of Guilinav (around neck) {Spirit +Blink +Inv Will+ Int-3}
   (You found it on level 2 of the Dungeon)

   [amulet of guardian spirit]

   It causes incoming damage to be divided between your reserves of health and
   magic.
   Int:       It affects your intelligence (-3).
   +Inv:      It lets you turn invisible.
   +Blink:    It lets you blink.
   Will:      It increases your willpower.
Potions
 d - 4 potions of might
 g - 2 potions of degeneration {unknown}
 h - 2 potions of lignification {unknown}
 i - 2 potions of haste {unknown}
 j - a potion of attraction {unknown}
 m - 3 potions of curing {unknown}


   Skills:
 + Level 4.1 Fighting
 * Level 3.8 Axes
 + Level 4.1 Armour
 + Level 1.4 Dodging
 + Level 4.1 Shields


You had 3 spell levels left.
You didn't know any spells.
Your spell library contained the following spells:

 Spells                   Type           Power      Damage    Failure   Level
 Magic Dart               Conj           0%         1d3       92%         1
 Searing Ray              Conj           0%         2d4       98%         2
 Fulminant Prism          Conj/Hex       0%         3d6       100%        4


Dungeon Overview and Level Annotations

Branches:
Dungeon (3/15)

Altars:
Trog

Annotations:
D:3 Sigmund


Innate Abilities, Weirdness & Mutations

You have a pair of horns on your head.
You reflexively headbutt those who attack you in melee.


Message History

You barely miss the bat. Your headbutt misses the bat.
The bat closely misses you. You furiously retaliate!
You headbutt the bat!
You kill the bat!
Found a stone staircase leading down.
No target in view!
You now have 122 gold pieces (gained 12).
Magic restored.
There is a stone staircase leading down here.
Sigmund the Dreaded comes into view.
He is wielding a +2 scythe of protection and wearing a +2 robe of willpower.
Sigmund is nearby!
Sigmund hits you with a +2 scythe of protection.
Sigmund is nearby!
You hit Sigmund but do no damage.
Sigmund hits you with a +2 scythe of protection.
You hit Sigmund but do no damage. Sigmund gestures at you while chanting.
You resist with almost no effort.
You hit Sigmund.
Sigmund is lightly wounded.
Sigmund hits you with a +2 scythe of protection.
You hit Sigmund. Your headbutt misses Sigmund.
Sigmund is lightly wounded.
Sigmund gestures at you while chanting. The magic dart hits you.
Sigmund hits you with a +2 scythe of protection!
You slash Sigmund! You headbutt Sigmund.
Sigmund is severely wounded.
You closely miss Sigmund.
Sigmund is severely wounded.
Sigmund casts a spell.
Sigmund flickers and vanishes!
Deactivating autopickup; reactivate with Ctrl-A.
You hear some strange, mumbled words.
A magic dart appears from out of thin air!
The magic dart hits you.
You barely miss something. Something hits you!
* * * LOW HITPOINT WARNING * * *
You are too injured to fight recklessly!
You miss something. Something hits you!
You die...

#.##.....##
.............#
#####.#.###.>#
#.#.# #..##
#....##...#######.
.###.#...........
#. #.....########
#.###.#####
#.{@.## ......####
#####


There were no monsters in sight!

Vanquished Creatures
  Robin (D:3)
  An adder (D:2)
  A worm (D:2)
  A dart slug (D:2)
  An orc (D:3)
  5 endoplasms
  A giant cockroach (D:3)
  16 goblins
  3 hobgoblins
  7 kobolds
  2 quokkas (D:1)
  5 ball pythons
  4 bats
  3 frilled lizards
51 creatures vanquished.

Notes
Turn   | Place    | Note
-------+----------+-------------------------------------------
     0 | D:1      | inmateoo the Minotaur Fighter began the quest for the Orb.
     0 | D:1      | Reached XP level 1. HP: 19/19 MP: 0/0
   104 | D:1      | Reached XP level 2. HP: 25/27 MP: 1/1
   464 | D:2      | Reached XP level 3. HP: 33/33 MP: 2/2
   493 | D:2      | Reached skill level 1 in Dodging
   595 | D:2      | Identified the amulet of Guilinav {Spirit +Blink +Inv Will+
                  | Int-3}
   723 | D:2      | Found a faded altar of an unknown god.
  1053 | D:3      | Noticed Robin
  1064 | D:3      | Killed Robin
  1065 | D:3      | Reached XP level 4. HP: 14/40 MP: 0/3
  1264 | D:3      | Found a bloodstained altar of Trog.
  1366 | D:3      | Noticed Sigmund
  1376 | D:3      | Slain by Sigmund

Illustrated notes

Levels and vault maps discovered:
D:1:      reono_arrival_forest_river, layout_basic
D:2:      layout_basic, dilly_ecumenical_altar_fadedgnrine,
          minmay_misc_feat_enclosed
D:3:      layout_loops_ring, trog_three_pillars_becter, uniq_sigmund, uniq_robin

Skill      XL: |  1  2  3 |
---------------+----------+-----
Axes           | 3 |  3.8
Dodging        | 1 |  1.4
Fighting       | 4 |  4.1
Shields        | 4 |  4.1
Armour         | 4 |  4.1

Action                   |  1- 3 |  4- 6 || total
-------------------------+-------+-------++-------
Melee: War axe           |    68 |    13 ||    81
       Headbutt          |     4 |     2 ||     6
  Use: Scroll            |     3 |       ||     3
Armor: Scale mail        |    27 |       ||    27
Dodge: Dodged            |    44 |     3 ||    47
Block: Buckler           |    18 |     2 ||    20

Table legend: (Time is in decaauts)
 A = Elapsed time spent in this place.
 B = Non-inter-level travel time spent in this place.
 C = Inter-level travel time spent in this place.
 D = Time resting spent in this place.
 E = Time spent auto-exploring this place.
 F = Levels seen in this place.
 G = Mean time per level.
                   A        B        C        D        E       F      G
               +--------+--------+--------+--------+--------+-----+--------+
         Total |   1409 |   1375 |     34 |    182 |    923 |   3 |  469.7 |
       Dungeon |   1409 |   1375 |     34 |    182 |    923 |   3 |  469.7 |
               +--------+--------+--------+--------+--------+-----+--------+

Top non-repeatable levels by time:
     D:2: 603 daAuts
     D:1: 433 daAuts
     D:3: 373 daAuts
